 Dungeon Crawl Stone Soup version 0.30-a0-840-ga523dec638 (webtiles) character file.

Game seed: 11731567834282565600

16 jimonade the Stinger (level 2, 0/11 HPs)
             Began as a Felid Venom Mage on Mar 1, 2023.
             Slain by a goblin
             ... wielding a +0 dagger
              (4 damage)
             ... on level 1 of the Dungeon.
             The game lasted 00:02:00 (847 turns).

jimonade the Stinger (Felid Venom Mage)              Turns: 847, Time: 00:02:00

Health: 0/11       AC:  1    Str:  4    XL:     2   Next: 37%
Magic:  4/6        EV: 17    Int: 16    God:
Gold:   89         SH:  0    Dex: 16    Spells: 4/5 levels left
                                        Lives:  0   Deaths: 0

rFire   . . .      SeeInvis +    (weapon unavailable)
rCold   . . .      Faith    .    (shield unavailable)
rNeg    . . .      Spirit   .    (body armour unavailable)
rPois   .          Reflect  .    (helmet unavailable)
rElec   .          Harm     .    (cloak unavailable)
rCorr   .          Rampage  .    (gloves unavailable)
Will    .....                    (boots unavailable)
Stlth   ++                       (no amulet)
HPRegen 0.21/turn                (no ring)
MPRegen 0.10/turn                (no ring)

@: quick
A: very small, claws 1, fangs 3, see invisible, speed 1, shaggy fur 1, stealthy
paws, no weapons or thrown items, no armour, multi-lived
a: no special abilities


You were on level 1 of the Dungeon.
You visited 1 branch of the dungeon, and saw 2 of its levels.

You collected 89 gold pieces.

Inventory:

Scrolls
 b - 2 scrolls of teleportation {unknown}
 c - a scroll of poison {unknown}
 d - a scroll of identify {unknown}
 e - a scroll of silence {unknown}
Potions
 a - a potion of magic
 f - a potion of haste {unknown}


   Skills:
 + Level 3.0 Dodging
 + Level 2.7 Stealth
 + Level 2.2 Spellcasting
 - Level 1.1 Transmutations
 + Level 3.0 Poison Magic


You had 4 spell levels left.
You knew the following spells:

 Your Spells              Type           Power      Damage    Failure   Level
a - Sting                 Tmut/Pois      32%        1d4       9%          1

Your spell library contained the following spells:

 Spells                   Type           Power      Damage    Failure   Level
 Poisonous Vapours        Pois/Air       12%        N/A       16%         2
 Mephitic Cloud           Conj/Pois/Air  5%         N/A       36%         3
 Olgreb's Toxic Radiance  Pois           11%        N/A       50%         4


Dungeon Overview and Level Annotations

Branches:
Dungeon (2/15)

Altars:


Innate Abilities, Weirdness & Mutations

You have sharp claws.
You have razor-sharp teeth.
You have supernaturally acute eyesight. (SInv)
You cover ground quickly. (Speed+)
You are covered in fur. (AC +1)
Your paws help you pounce on unaware monsters.
You are incapable of wielding weapons or throwing items.
You cannot wear armour.
You gain extra lives every three experience levels.


Message History

The endoplasm quivers.
The kobold throws a stone.
The stone misses you.
You kill the kobold!
You can't see any susceptible monsters within range! (Use Z to cast anyway.)
The sting hits the endoplasm.
The endoplasm partially resists.
The endoplasm is lightly wounded.
The sting hits the endoplasm.
The endoplasm is poisoned.
The endoplasm is moderately wounded.
The endoplasm barely misses you.
You scratch the endoplasm. You claw the endoplasm.
You kill the endoplasm!
Your Dodging skill increases to level 3!
Done exploring.
Done exploring.
Done exploring.
There is a stone staircase leading down here.
Done exploring.
Done exploring.
There is a stone staircase leading down here.
You climb downwards.
The goblin shouts! x2; The hobgoblin shouts!
Found a stone staircase leading down.
There is a stone staircase leading up here.
The hobgoblin completely misses you. The goblin completely misses you.
You climb upwards.
There is a stone staircase leading down here.
The sting hits the hobgoblin.
The hobgoblin is poisoned.
The hobgoblin is heavily wounded.
The hobgoblin closely misses you. The goblin hits you with a +0 dagger.
The sting hits the hobgoblin but does no damage.
The hobgoblin looks even sicker.
The hobgoblin is heavily wounded.
The hobgoblin barely misses you. The goblin hits you with a +0 dagger.
* * * LOW HITPOINT WARNING * * *
You are too injured to fight recklessly!
You are too injured to fight recklessly!
You scratch the hobgoblin.
You kill the hobgoblin!
The goblin hits you with a +0 dagger.
You die...

.+.8.#....## #.#
.#...#..#..# #.#
.#####..##.# #.# ## #..##.##
##.## #
####..##..########...# #
#....................# #
#...#####...######...#
####### ###.##############
..## #...@g.........#
#..###############.........#
##.........................#
####.#####.##.###.........#
#.#####..#..##.........#
#.#....................#
#.#.##########.........#
#.#.#........#.........#
#...#.######.#.#.#######


You could see a goblin.

Vanquished Creatures
  2 endoplasms (D:1)
  3 goblins (D:1)
  3 hobgoblins (D:1)
  2 ball pythons (D:1)
  3 bats (D:1)
  A frilled lizard (D:1)
  2 kobolds (D:1)
16 creatures vanquished.

Notes
Turn   | Place    | Note
-------+----------+-------------------------------------------
     0 | D:1      | jimonade the Felid Venom Mage began the quest for the Orb.
     0 | D:1      | Reached XP level 1. HP: 7/7 MP: 4/4
   542 | D:1      | Reached XP level 2. HP: 11/11 MP: 4/6
   847 | D:1      | Slain by a goblin

Illustrated notes

Levels and vault maps discovered:
D:1:      minmay_arrival_stair_chambers, layout_rooms, minivault_5
D:2:      minmay_chambers_of_twos, layout_loops_corners, basic_altar,
          serial_shops, shop, hellmonk_ecumenical_altar_pennies_from_heaven,
          uniq_jessica

Skill      XL: |  1  2 |
---------------+-------+-----
Poison Magic   | 3 |  3.0
Dodging        | 3 |  3.0
Stealth        | |  2.7
Spellcasting   | |  2.2
Transmutations | |  1.1

Action                     || total
---------------------------++-------
  Melee: Unarmed           ||     5
         Punch             ||     1
   Cast: Sting             ||    25
 Armour: Skin              ||     1
  Dodge: Dodged            ||    15

Table legend: (Time is in decaauts)
 A = Elapsed time spent in this place.
 B = Non-inter-level travel time spent in this place.
 C = Inter-level travel time spent in this place.
 D = Time resting spent in this place.
 E = Time spent auto-exploring this place.
 F = Levels seen in this place.
 G = Mean time per level.
                   A        B        C        D        E       F      G
               +--------+--------+--------+--------+--------+-----+--------+
         Total |    730 |    723 |      7 |     27 |    575 |   2 |  365.0 |
       Dungeon |    730 |    723 |      7 |     27 |    575 |   2 |  365.0 |
               +--------+--------+--------+--------+--------+-----+--------+

Top non-repeatable levels by time:
     D:1: 728 daAuts
     D:2: 1 daAuts
